 Dungeon Crawl Stone Soup version 0.29-a0-284-gf9362112df (webtiles) character file.

Game seed: 2979430671253946053

28 yunder69 the Skirmisher (level 2, 0/40 HPs)
             Began as a Minotaur Berserker on Mar 27, 2022.
             Was a Follower of Trog.
             Slain by Natasha (5 damage)
             ... on level 2 of the Dungeon.
             The game lasted 00:02:37 (1557 turns).

yunder69 the Skirmisher (Minotaur Berserker)        Turns: 1557, Time: 00:02:37

Health: 0/40       AC:  3    Str: 21    XL:     2   Next: 96%
Magic:  1/1        EV: 12    Int:  4    God:    Trog [*.....]
Gold:   86         SH:  0    Dex:  9    Spells: 1/1 levels left

rFire   . . .      SeeInvis .   a - +0 spear
rCold   . . .      Faith    .   (no shield)
rNeg    . . .      Spirit   .   g - +0 leather armour
rPois   .          Reflect  .   (helmet restricted)
rElec   .          Harm     .   (no cloak)
rCorr   .          Rampage  .   (no gloves)
Will    .....                   (no boots)
Stlth   ..........              (no amulet)
HPRegen 0.13/turn               (no ring)
MPRegen 0.07/turn               (no ring)

@: berserking, very quick
A: horns 2, retaliatory headbutt
a: Renounce Religion, Berserk


You were on level 2 of the Dungeon.
You worshipped Trog.
Trog was aware of your devotion.
You visited 1 branch of the dungeon, and saw 2 of its levels.

You collected 86 gold pieces.

Inventory:

Hand Weapons
 a - a +0 spear (weapon)
 i - a +0 mace
Missiles
 h - 5 datura-tipped darts (quivered)
Armour
 g - a +0 leather armour (worn)
Jewellery
 f - a ring of protection from cold
Scrolls
 d - a scroll of teleportation {unknown}
 e - a scroll of magic mapping {unknown}
 j - a scroll of enchant weapon {unknown}
 k - a scroll of holy word {unknown}
 m - a scroll of fog {unknown}
Potions
 c - a potion of curing {unknown}
 l - 2 potions of magic {unknown}


   Skills:
 + Level 4.1 Fighting
 - Level 3.6 Polearms
 + Level 3.2 Armour
 + Level 2.8 Dodging


You had one spell level left.
You didn't know any spells.
Your spell library was empty.

Dungeon Overview and Level Annotations

Branches:
Dungeon (2/15)

Altars:

Annotations:
D:2 Natasha


Innate Abilities, Weirdness & Mutations

You have a pair of horns on your head.
You reflexively headbutt those who attack you in melee.


Message History

You hit Natasha. Your headbutt misses Natasha.
Natasha is heavily wounded.
Natasha is nearby!
You closely miss Natasha.
Natasha is heavily wounded.
Natasha claws you.
Natasha is nearby!
You hit Natasha.
Natasha is heavily wounded.
Natasha howls an incantation.
Natasha's front paws start to glow.
Natasha misses you.
Natasha is nearby!
Natasha is nearby!
You hit Natasha.
Natasha is almost dead.
Natasha claws you but does no damage.
You closely miss Natasha.
Natasha is almost dead.
Natasha claws you.
Natasha is nearby!
Natasha is nearby!
You closely miss Natasha. Your headbutt misses Natasha.
Natasha is almost dead.
Natasha claws you!
Natasha is nearby!
You are too injured to fight recklessly!
You are too injured to fight recklessly!
Natasha is nearby!
Natasha is nearby!
You closely miss Natasha. You headbutt Natasha, but do no damage.
Natasha is almost dead.
Natasha barely misses you.
You barely miss Natasha.
Natasha is almost dead.
Natasha claws you!
* * * LOW HITPOINT WARNING * * *
A red film seems to cover your vision as you go berserk!
You feel yourself moving faster!
You feel mighty! Natasha claws you.
You die...

.## ##.## ....# #..
# #...####.. ## .#
#......... .##.##
.......#.# .#...
.......#.# ...#.#
.......#.#
######.....#
#...####.# #....@h.#
#...####.###.#####.#
...........).#####.#
###..###.###........
.............#####.>
##....##..####
##.....#..#
#..#.#.#รท.#
#......#..#


You could see Natasha.

Vanquished Creatures
  2 dart slugs (D:1)
  An endoplasm (D:2)
  2 giant cockroaches
  2 goblins
  3 hobgoblins
  4 kobolds
  A quokka (D:1)
  2 bats
  3 frilled lizards
  A rat (D:2)
21 creatures vanquished.

Notes
Turn   | Place    | Note
-------+----------+-------------------------------------------
     0 | D:1      | yunder69 the Minotaur Berserker began the quest for the
                  | Orb.
     0 | D:1      | Reached XP level 1. HP: 19/19 MP: 0/0
   275 | D:1      | Found a faded altar of an unknown god.
   364 | D:1      | Reached XP level 2. HP: 23/27 MP: 1/1
   684 | D:1      | Reached skill level 4 in Fighting
  1337 | D:2      | Identified the +0 ring mail of Pymeh {rN+++ Str-2 Dex+6}
  1546 | D:2      | Noticed Natasha
  1557 | D:2      | Slain by Natasha

Illustrated notes

Levels and vault maps discovered:
D:1:      minmay_arrival_glassed_features, layout_basic,
          dreamdust_ecumenical_altar_statues, minmay_misc_feat_secret_circle,
          minmay_fountain_box
D:2:      layout_loops_ring, serial_glass, glass_columns_b, glass_columns_a,
          uniq_natasha

Skill      XL: |  1  2 |
---------------+-------+-----
Fighting       | 4 |  4.1
Armour         | 3 |  3.2
Polearms       | |  3.6
Dodging        | |  2.8

Action                   || total
-------------------------++-------
Melee: Spear             ||    68
       Headbutt          ||     3
       Punch             ||     1
Invok: Berserk           ||     1
Armor: Animal skin       ||     3
       Leather armour    ||     5
Dodge: Dodged            ||    28

Table legend: (Time is in decaauts)
 A = Elapsed time spent in this place.
 B = Non-inter-level travel time spent in this place.
 C = Inter-level travel time spent in this place.
 D = Time resting spent in this place.
 E = Time spent auto-exploring this place.
 F = Levels seen in this place.
 G = Mean time per level.
                   A        B        C        D        E       F      G
               +--------+--------+--------+--------+--------+-----+--------+
         Total |   1550 |   1401 |    149 |      0 |   1241 |   2 |  775.0 |
       Dungeon |   1550 |   1401 |    149 |      0 |   1241 |   2 |  775.0 |
               +--------+--------+--------+--------+--------+-----+--------+

Top non-repeatable levels by time:
     D:1: 1132 daAuts
     D:2: 418 daAuts
